 Dungeon Crawl Stone Soup version 0.17-a0-1840-g87820a2 (webtiles) character file.

23 Ajdolov the Skirmisher (level 2, 0/24 HPs)
             Began as a Mummy Abyssal Knight on Sept 16, 2015.
             Was an Initiate of Lugonu.
             Killed from afar by Sigmund (6 damage)
             ... with a wand of flame
             ... on level 2 of the Dungeon.
             The game lasted 00:02:47 (1381 turns).

Ajdolov the Skirmisher (Mummy Abyssal Knight)       Turns: 1381, Time: 00:02:47

Health: 0/24       AC: 12    Str: 15    XL:     2   Next: 75%
Magic:  3/3        EV:  0    Int: 11    God:    Lugonu [......]
Gold:   118        SH:  0    Dex: 11    Spells: 0 memorised, 1 level left

rFire  . . .     SeeInvis .     a - +1 spear
rCold  + + +     Clarity  .     f - +0 gold dragon armour
rNeg   + + +     SustAt   .     (no shield)
rPois  ∞         Gourm    .     (no helmet)
rElec  .         Spirit   .     (no cloak)
rCorr  .         Warding  .     (no gloves)
rMut   .         Stasis   .     (no boots)
MR     .....                    (no amulet)
Stlth  ..........               b - ring of ice
                                e - ring of protection from fire

@: not resistant to hostile enchantments, extremely unstealthy
A: no food or potions, fire vulnerability, cold resistance 1, negative energy
resistance 3, torment resistance, unbreathing
a: Renounce Religion


You were on level 2 of the Dungeon.
You worshipped Lugonu.
Lugonu was noncommittal.
You were not hungry.

You visited 1 branch of the dungeon, and saw 2 of its levels.
You visited the Abyss 1 time.

You collected 118 gold pieces.

Inventory:

Hand weapons
 a - a +1 spear (weapon)
Armour
 f - a +0 gold dragon armour (worn)
Jewellery
 b - a ring of ice (right hand)
 e - a ring of protection from fire (left hand)
 k - an uncursed amulet of faith
Scrolls
 c - a scroll of teleportation {unknown}
 d - 2 scrolls of blinking {unknown}
 g - 2 scrolls of identify {unknown}
 h - a scroll of amnesia {unknown}
 i - 3 scrolls of remove curse {unknown}
 j - a scroll of recharging {unknown}


   Skills:
 - Level 3.0 Fighting
 + Level 2.1 Polearms
 - Level 1.5 Armour
 - Level 0.7 Dodging
 + Level 2.4 Invocations


You had one spell level left.
You didn't know any spells.

Dungeon Overview and Level Annotations

Branches:
Dungeon (2/15)

Altars:

Annotations:
D:2 Sigmund


Innate Abilities, Weirdness & Mutations

You do not eat or drink.
Your flesh is vulnerable to fire.
You are immune to poison.
Your flesh is cold resistant.
You are immune to negative energy.
You are immune to unholy pain and torment.
You can survive without breathing.


Message History

Sigmund zaps a wand.
The puff of flame hits you!
You hit Sigmund.
Sigmund is severely wounded.
Sigmund hits you but does no damage.
You completely miss Sigmund.
Sigmund is severely wounded.
Sigmund zaps a wand.
The puff of flame hits you!
* * * LOW HITPOINT WARNING * * *
You closely miss Sigmund.
Sigmund is severely wounded.
Sigmund hits you but does no damage.
Your gold dragon armour prevents you from hitting Sigmund.
Sigmund is severely wounded.
You hit Sigmund but do no damage.
Sigmund is severely wounded.
Sigmund zaps a wand.
The puff of flame hits you!
Your gold dragon armour prevents you from hitting Sigmund.
Sigmund is severely wounded.
Sigmund zaps a wand.
The puff of flame hits you!
You die...

##....(.... .#
...#...#.# .#
.........# .#
####..†#.# .#
##.##.......# .#
#.############.### #.#
#.....# ##'## #.<...#
##...## #@....#
##.....## ##@)...#
##.......######......#
#......)..##......####
+........('...........
#.........##.....#####
##.......####.#.##
##.....## #.###
##...## #.#


You could see Sigmund.

Vanquished Creatures
  2 giant cockroaches (D:1)
  6 goblins
  A hobgoblin (D:1)
  A kobold (D:1)
  5 bats (D:1)
  3 giant newts
  5 rats (D:1)
23 creatures vanquished.

Notes
Turn   | Place    | Note
--------------------------------------------------------------
     0 | Abyss:1  | Ajdolov the Mummy Abyssal Knight began the quest for the Orb.
     0 | Abyss:1  | Reached XP level 1. HP: 18/18 MP: 2/2
    79 | Abyss:1  | Noticed an iron imp
    83 | Abyss:1  | Noticed a large abomination
    88 | Abyss:1  | Noticed a tentacled starspawn
    90 | D:1      | Escaped the Abyss
   398 | D:1      | Acquired Lugonu's first power
   405 | D:1      | Reached XP level 2. HP: 24/24 MP: 3/3
  1032 | D:2      | Noticed Sigmund
  1058 | D:2      | HP: 1/24 [Sigmund/wand of flame (3)]
  1381 | D:2      | Killed from afar by Sigmund

Vault maps used:
D:1:      tarquinn_simple_flora_water_e
D:2:      evilmike_ruin_ashenzari, minitemple, nicolae_overflow_crystal_walls,
          minmay_shallow_snake_nest, uniq_terence, uniq_jessica, uniq_sigmund,
          uniq_iyjb

Action                   || total
-------------------------++-------
Melee: Spear             ||   117
Invok: Depart the Abyss  ||     1
